 Dungeon Crawl Stone Soup version 0.30-a0-159-g068b764562 (webtiles) character file.

Game seed: 16101916526256079099

31075 qw the Cleaver (level 13, -2/82 HPs)
             Began as a Gargoyle Fighter on Sept 27, 2022.
             Was a High Priest of Okawaru.
             Collided with an orc sorcerer (11 damage)
             ... caused by a wretched star
             ... on level 3 of the Abyss.
             The game lasted 00:05:41 (14771 turns).

qw the Cleaver (Gargoyle Fighter)                  Turns: 14771, Time: 00:05:42

Health: -2/82      AC: 31    Str: 24    XL:     13   Next: 55%
Magic:  15/20      EV: 10    Int: 10    God:    Okawaru [*****.]
Gold:   855        SH: 14    Dex: 15    Spells: 12/12 levels left

rFire   . . .      SeeInvis +    t - +14 obsidian axe {vorpal, Mesm Drain Fly SInv}
rCold   . . .      Faith    .    r - +0 kite shield
rNeg    + . .      Spirit   .    o - +0 plate armour
rPois   inf        Reflect  .    (helmet restricted)
rElec   +          Harm     .    (no cloak)
rCorr   +          Rampage  +    g - +0 pair of gloves
Will    +++..                    a - +2 pair of boots {rampage}
Stlth   ..........               (no amulet)
HPRegen 0.23/turn                j - ring "Keicymn" {Will+++ Dex+6}
MPRegen 0.17/turn                s - ring of resist corrosion

@: about to teleport, heroic, finesse-ful, flying, mesmerised
A: sickness immunity, AC +9, negative energy resistance 1, electricity
resistance, torment resistance 1, petrification resistance, antennae 1,
evolution 1
a: Renounce Religion, Heroism, Finesse, Duel


You were on level 3 of the Abyss.
You worshipped Okawaru.
Okawaru was extremely pleased with you.
You visited 3 branches of the dungeon, and saw 14 of its levels.
You visited the Abyss 1 time.
You also visited: Sewer.

You collected 904 gold pieces.
You spent 49 gold pieces at shops.


Innate Abilities, Weirdness & Mutations

You are immune to sickness and miasma.
Your stone body is resilient. (AC +9)
You are immune to poison.
You resist negative energy. (rN+)
You are resistant to electric shocks. (rElec)
You are resistant to unholy torment.
You are immune to petrification.
You have a pair of small antennae on your head.
You have hidden genetic potential.


   Skills:
 - Level 10.0(15.0) Fighting
 + Level 13.0(18.0) Axes
 - Level 2.2(7.2) Throwing
 - Level 9.0(14.0) Armour
 - Level 3.0(8.0) Dodging
 - Level 11.1(16.1) Shields
 - Level 10.0 Invocations


You had 12 spell levels left.
You didn't know any spells.
Your spell library was empty.

Inventory:

Hand Weapons
 t - the +14 obsidian axe (weapon) {vorpal, Mesm Drain Fly SInv}
   (Okawaru gifted it to you on level 5 of the Lair of Beasts)

   It inflicts extra damage upon your enemies.
   It occasionally summons demons to assist the wielder when it strikes in
   combat.
   Its wielder is mesmerised by any visible foes.
   It cannot be unequipped while any foes are visible.
   SInv:      It lets you see invisible.
   Fly:       It grants you flight.
   Drain:     It drains your maximum health when unequipped.
 Y - a +2 broad axe of flaming
Missiles
 k - a boomerang (quivered)
Armour
 a - a +2 pair of boots of rampaging (worn)
 g - a +0 pair of gloves (worn)
 n - a +0 helmet
 o - a +0 plate armour (worn)
 r - a +0 kite shield (worn)
Jewellery
 j - the ring "Keicymn" (left hand) {Will+++ Dex+6}
   (You acquired it on level 2 of the Dungeon)

   [ring of dexterity]

   Dex:       It affects your dexterity (+6).
   Will:      It greatly increases your willpower.
 s - a ring of resist corrosion (right hand)
Wands
 i - a wand of digging (2)
Scrolls
 b - a scroll of teleportation
 h - a scroll of identify
Potions
 d - 4 potions of might
 e - 2 potions of haste
 l - 4 potions of curing
 m - a potion of resistance
 p - 3 potions of lignification
 q - a potion of attraction

Dungeon Overview and Level Annotations

Branches:
Dungeon (8/15)             Temple (1/1) D:5            Lair (5/5) D:8
 Shoals (0/4) Lair:2        Snake (0/4) Lair:2        Slime (0/5) Lair:4
  Sewer (visited)

Altars:
Ashenzari
Cheibriados
Dithmenos
Elyvilon
Fedhas
Gozag
Hepliaklqana
Kikubaaqudgha
Makhleb
Nemelex Xobeh
Okawaru
Qazlal
Ru
Sif Muna
Trog
Uskayaw
Vehumet
Wu Jian
Xom
Yredelemnul
Zin
The Shining One
Jiyva

Shops:
D:6 [

Portals:
Ice
Cave: Lair:5

Annotations:
D:7 3 runed translucent doors, qw's ghost, novice GrFi
Lair:4 1 runed translucent door, qw's ghost, journeyman GrFi
Lair:5 Urug


Message History

Visions of slaying the raiju flood into your mind.
You are covered in liquid flames!
The wretched star pulses with an eldritch light!
You occasionally lose the ability to drink potions when taking damage.
You lose the ability to drink potions when taking damage more often.
Your base Throwing skill increases to level 2!
You slice the raiju!!
You kill the raiju!
Okawaru accepts your kill.
You completely miss the raiju. You slash the raiju!
Visions of slaying the raiju flood into your mind.
You are covered in liquid flames!
The raiju barely misses you. You block the raiju's attack.
You hit the raiju.
The raiju is heavily wounded.
You hit the raiju. You slash the sun demon!
Visions of slaying the raiju flood into your mind.
You are covered in liquid flames!
You slash the raiju!
The raiju is severely wounded.
You miss the sun demon. You slice the raiju!!
You break out of your daze!
You kill the raiju!
Okawaru accepts your kill.
Visions of slaying the sun demon flood into your mind.
You are covered in liquid flames!
You block the sun demon's attack.
You feel the corruption within you wane completely.
You lose the ability to drink potions when taking damage less often.
You no longer become unable to drink potions after taking damage.
You slash the raiju!
You kill the raiju!
Okawaru accepts your kill.
You slash the sun demon!
The wretched star glows turbulently.
The lance of force hits you!!
You are knocked back by the lance of force.
You collide with the orc sorcerer!
The orc sorcerer is moderately wounded.
You die...

#.
##..##.#.#
#.##.... .#.
#...#. .##.#
#...## ...#
##....##*.
...#....
#.##.#..#..#
#. #....#..#
# #.#@)35#
##.o#3#.#
#.#.....#
#..###...#
..# .#...
..# #.#..#
..# #..#. .#
..


You could see a wretched star, 2 sun demons, an orc sorcerer and an ufetubus.

Vanquished Creatures
  A balrug (Abyss:3)
  A hydra (Lair:4)
  A boulder beetle (Lair:4)
  A two-headed ogre (D:8)
  A sun demon (Abyss:3)
  A wretched star (Abyss:3)
  An oklob plant (Lair:2)
  A worldbinder (Abyss:3)
  A manticore (Lair:2)
  4 elephants (Lair:4)
  2 black mambas (Lair:4)
  Joseph (D:7)
  Maggie (D:7)
  A smoke demon (Abyss:3)
  4 cane toads
  12 komodo dragons
  An ancient zyme (Abyss:3)
  A wind drake (Lair:2)
  2 polar bears
  3 raiju (Abyss:3)
  Prince Ribbit (D:6)
  13 blink frogs
  4 large abominations (Abyss:3)
  4 starcursed masses (Abyss:3)
  3 ynoxinuls (Abyss:3)
  A wyvern (Lair:1)
  37 yaks
  7 fire bats (Abyss:3)
  3 basilisks
  A neqoxec (Abyss:3)
  Menkaure (D:7)
  4 nagas (Lair:2)
  An acid dragon (D:8)
  12 water moccasins
  An ice beast (D:8)
  2 black bears
  A sky beast (D:6)
  2 orc warriors (D:8)
  2 ogres (D:5)
  12 wolves
  3 centaurs
  A phantom (D:4)
  3 kobold brigands (Sewer)
  Blork the orc (D:6)
  11 bullfrogs
  3 necrophages
  5 scorpions
  8 wights (D:7)
  2 electric eels
  2 jellies (Lair:4)
  A lava snake (Lair:4)
  7 hounds
  An orc priest (D:7)
  A gnoll bouda (D:7)
  10 iguanas
  Terence (D:3)
  2 orc wizards
  5 gnolls
  10 adders
  3 river rats (Sewer)
  A shadow imp (D:5)
  3 white imps
  4 worms
  5 dart slugs
  19 orcs
  16 endoplasms
  7 giant cockroaches
  5 goblins
  6 hobgoblins
  10 jackals
  5 quokkas
  9 ball pythons
  2 bats
  6 frilled lizards
  10 kobolds
  8 rats
  A butterfly (Lair:3)
  A lurking horror (Abyss:3)
351 creatures vanquished.

Vanquished Creatures (others)
  A smoke demon (Abyss:3)
  24 fungi
  A lurking horror (Abyss:3)
  34 plants
60 creatures vanquished.

Grand Total: 411 creatures vanquished

Notes
Turn   | Place    | Note
-------+----------+-------------------------------------------
     0 | D:1      | qw the Gargoyle Fighter began the quest for the Orb.
     0 | D:1      | Reached XP level 1. HP: 14/14 MP: 1/1
     0 | D:1      | 0 ||| qw: Version: 0.2-a-10-g37ed214
     0 | D:1      | 0 ||| qw: Game counter: 570
     0 | D:1      | 0 ||| qw: Always use a shield: true
     0 | D:1      | 0 ||| qw: God list: Okawaru
     0 | D:1      | 0 ||| qw: Allow faded altars: false
     0 | D:1      | 0 ||| qw: Do Orc after D:15 true
     0 | D:1      | 0 ||| qw: Do second Lair branch before Depths: true
     0 | D:1      | 0 ||| qw: Lair rune preference: random
     0 | D:1      | 0 ||| qw: Plans: Normal, Zot:1-4, God:TSO, Crypt, Tomb,
                  | Pan, Slime:5, Hells, Abyss, Orb
     0 | D:1      | 0 ||| PLANNING D:1-11
   154 | D:1      | Reached skill level 2 in Axes
   316 | D:1      | Reached XP level 2. HP: 19/19 MP: 2/2
   627 | D:1      | 627 ||| DROPPING orb of light.
   628 | D:1      | 628 ||| DROPPING ring of flight.
   629 | D:1      | 629 ||| READING scroll labelled KUTZICUMMET.
   630 | D:1      | 630 ||| READING 2 scrolls labelled BIURAX MEGE.
   631 | D:1      | 631 ||| READING scroll labelled ROUDOGRYRO.
   658 | D:2      | 658 ||| STAIRDANCE
   763 | D:2      | Reached skill level 3 in Axes
   901 | D:2      | Reached XP level 3. HP: 23/23 MP: 3/3
   909 | D:2      | Found a glowing silver altar of Zin.
  1192 | D:2      | 1192 ||| Stepping ~*~*~tactically~*~*~ (stealth).
  1193 | D:2      | 1193 ||| Stepping ~*~*~tactically~*~*~ (stealth).
  1482 | D:2      | 1482 ||| UPGRADING to +2 pair of boots of rampaging.
  1487 | D:2      | 1487 ||| UPGRADING to +0 helmet.
  1492 | D:2      | 1492 ||| READING scroll labelled EHU MEAVONACSE.
  1493 | D:2      | 1493 ||| READING scroll labelled RIMUSO XOM SAIG.
  1493 | D:2      | Identified a scroll of acquirement
  1493 | D:2      | 1493 ||| ACQUIRING ring "Keicymn" {Will+++ Dex+6}
  1493 | D:2      | Acquired the ring "Keicymn" {Will+++ Dex+6}
  1495 | D:2      | 1495 ||| UPGRADING to ring "Keicymn" {Will+++ Dex+6}.
  1496 | D:2      | 1496 ||| DRINKING 2 emerald potions.
  1497 | D:2      | 1497 ||| DRINKING 3 metallic white potions.
  1498 | D:2      | 1498 ||| READING 2 scrolls of identify.
  1498 | D:2      | 1498 ||| IDENTIFYING fizzy silvery potion
  1554 | D:3      | 1554 ||| Stepping ~*~*~tactically~*~*~ (stealth).
  1555 | D:3      | Noticed Terence
  1565 | D:3      | Reached XP level 4. HP: 25/28 MP: 4/4
  1570 | D:3      | Killed Terence
  1571 | D:3      | Reached skill level 1 in Dodging
  1571 | D:3      | 1571 ||| FLEEEEING.
  1572 | D:3      | 1572 ||| FLEEEEING.
  1573 | D:3      | 1573 ||| FLEEEEING.
  1574 | D:3      | 1574 ||| FLEEEEING.
  1575 | D:3      | 1575 ||| FLEEEEING.
  1576 | D:3      | 1576 ||| FLEEEEING.
  1580 | D:3      | 1580 ||| FLEEEEING.
  1581 | D:3      | 1581 ||| FLEEEEING.
  1582 | D:3      | 1582 ||| STAIRDANCE
  1623 | D:2      | 1623 ||| DROPPING +0 club.
  1628 | D:3      | 1628 ||| STAIRDANCE
  1778 | D:3      | 1778 ||| DROPPING +0 mace.
  1779 | D:3      | Identified the +1 leather armour "Ugoceicw" {rElec rPois
                  | Str+4 Int+2}
  1780 | D:3      | 1780 ||| Stepping ~*~*~tactically~*~*~ (stealth).
  1781 | D:3      | 1781 ||| Stepping ~*~*~tactically~*~*~ (stealth).
  1829 | D:3      | Found a faded altar of an unknown god.
  1897 | D:3      | Identified the +0 leather armour "Fais" {Int+8}
  1914 | D:3      | 1914 ||| Stepping ~*~*~tactically~*~*~ (hiding).
  1976 | D:3      | 1976 ||| Stepping ~*~*~tactically~*~*~ (stealth).
  1977 | D:3      | 1977 ||| Stepping ~*~*~tactically~*~*~ (stealth).
  2008 | D:3      | Reached skill level 4 in Axes
  2008 | D:3      | Reached XP level 5. HP: 32/32 MP: 5/5
  2038 | D:3      | 2038 ||| Stepping ~*~*~tactically~*~*~ (hiding).
  2077 | D:3      | 2077 ||| Stepping ~*~*~tactically~*~*~ (hiding).
  2209 | D:3      | Reached skill level 1 in Throwing
  2452 | D:3      | 2452 ||| DROPPING +0 leather armour "Fais" {Int+8}.
  2453 | D:3      | 2453 ||| UPGRADING to +0 chain mail.
  2463 | D:3      | 2463 ||| DROPPING +0 scale mail.
  2464 | D:3      | 2464 ||| READING 2 scrolls of identify.
  2464 | D:3      | 2464 ||| IDENTIFYING viscous blue potion
  2465 | D:3      | 2465 ||| DROPPING potion of magic.
  2550 | D:4      | Reached skill level 5 in Axes
  2550 | D:4      | Reached XP level 6. HP: 25/37 MP: 6/6
  2597 | D:4      | 2597 ||| Stepping ~*~*~tactically~*~*~ (stealth).
  2657 | D:4      | 2657 ||| Stepping ~*~*~tactically~*~*~ (stealth).
  2665 | D:4      | 2665 ||| Stepping ~*~*~tactically~*~*~ (stealth).
  2669 | D:4      | 2669 ||| Stepping ~*~*~tactically~*~*~ (stealth).
  3297 | D:4      | 3297 ||| READING scroll labelled CEQOFFOUDU.
  3298 | D:4      | 3298 ||| READING scroll labelled BEHAB RIEDYTT.
  3299 | D:4      | 3299 ||| READING scroll labelled ACA LYGYUSK.
  3300 | D:4      | 3300 ||| READING 5 scrolls of identify.
  3300 | D:4      | 3300 ||| IDENTIFYING smoky black potion
  3301 | D:4      | 3301 ||| READING 4 scrolls of identify.
  3301 | D:4      | 3301 ||| IDENTIFYING yellow potion
  3302 | D:4      | 3302 ||| READING 3 scrolls of identify.
  3302 | D:4      | 3302 ||| IDENTIFYING smoky ruby potion
  3303 | D:4      | 3303 ||| READING 2 scrolls of identify.
  3303 | D:4      | 3303 ||| IDENTIFYING white potion
  3304 | D:4      | 3304 ||| DROPPING potion of brilliance.
  3305 | D:4      | 3305 ||| DROPPING potion of degeneration.
  3306 | D:4      | 3306 ||| DROPPING potion of invisibility.
  3307 | D:4      | 3307 ||| DROPPING potion of berserk rage.
  3355 | D:5      | Entered Level 5 of the Dungeon
  3356 | D:5      | 3356 ||| PLANNING SEWER
  3528 | D:5      | Found a staircase to the Ecumenical Temple.
  3563 | D:5      | Reached skill level 6 in Axes
  3563 | D:5      | Reached XP level 7. HP: 35/43 MP: 7/7
  3805 | D:5      | Reached skill level 7 in Axes
  3868 | D:5      | Found a shimmering blue altar of Sif Muna.
  3868 | D:5      | Found a broken altar of Ashenzari.
  4020 | D:5      | Reached XP level 8. HP: 41/48 MP: 8/8
  4098 | D:5      | Found a glowing drain.
  4105 | D:5      | 4105 ||| DRINKING 2 green potions.
  4106 | D:5      | 4106 ||| DROPPING potion of flight.
  4118 | Sewer    | Entered a sewer
  4120 | Sewer    | 4120 ||| Stepping ~*~*~tactically~*~*~ (stealth).
  4122 | Sewer    | 4122 ||| Stepping ~*~*~tactically~*~*~ (stealth).
  4125 | Sewer    | 4125 ||| Stepping ~*~*~tactically~*~*~ (stealth).
  4150 | Sewer    | 4150 ||| Stepping ~*~*~tactically~*~*~ (stealth).
  4155 | Sewer    | 4155 ||| Stepping ~*~*~tactically~*~*~ (stealth).
  4160 | Sewer    | 4160 ||| Stepping ~*~*~tactically~*~*~ (stealth).
  4161 | Sewer    | 4161 ||| Stepping ~*~*~tactically~*~*~ (stealth).
  4162 | Sewer    | 4162 ||| Stepping ~*~*~tactically~*~*~ (stealth).
  4165 | Sewer    | 4165 ||| Stepping ~*~*~tactically~*~*~ (stealth).
  4219 | Sewer    | 4219 ||| Stepping ~*~*~tactically~*~*~ (stealth).
  4224 | Sewer    | 4224 ||| Stepping ~*~*~tactically~*~*~ (stealth).
  4316 | Sewer    | 4316 ||| Stepping ~*~*~tactically~*~*~ (water).
  4576 | Sewer    | Reached skill level 8 in Axes
  4756 | Sewer    | 4756 ||| READING scroll labelled ZECVET QAAH.
  4757 | Sewer    | 4757 ||| READING scroll labelled NAZUTO MOMN.
  4762 | D:5      | 4762 ||| PLANNING TEMPLE
  4793 | Temple   | Entered the Ecumenical Temple
  4794 | Temple   | 4794 ||| PLANNING OKAWARU WORSHIP
  4956 | Temple   | Became a worshipper of Warmaster Okawaru
  4957 | Temple   | 4957 ||| PLANNING D:1-11
  5474 | D:6      | Reached skill level 6 in Fighting
  5483 | D:6      | Found Usaycleg's Armour Shop.
  5491 | D:6      | 5491 ||| BUYING +0 pair of gloves (49 gold).
  5491 | D:6      | Bought a +0 pair of gloves for 49 gold pieces
  5491 | D:6      | 5491 ||| SHOPLISTING +0 plate armour (253 gold, have 231).
  5491 | D:6      | 5491 ||| SHOPLISTING +1 plate armour of positive energy
                  | (352 gold, have 231).
  5525 | D:6      | Noticed Prince Ribbit
  5534 | D:6      | Killed Prince Ribbit
  5535 | D:6      | Reached skill level 3 in Dodging
  5535 | D:6      | Reached XP level 9. HP: 34/55 MP: 9/9
  5899 | D:6      | 5899 ||| DROPPING +0 flail.
  6049 | D:6      | Reached * piety under Okawaru
  6075 | D:6      | Noticed Blork the orc
  6076 | D:6      | 6076 ||| INVOKING Heroism.
  6077 | D:6      | 6077 ||| INVOKING Heroism.
  6088 | D:6      | Killed Blork the orc
  6227 | D:6      | 6227 ||| UPGRADING to +0 pair of gloves.
  6273 | D:7      | 6273 ||| Stepping ~*~*~tactically~*~*~ (stealth).
  6276 | D:7      | 6276 ||| Stepping ~*~*~tactically~*~*~ (hiding).
  6277 | D:7      | 6277 ||| Stepping ~*~*~tactically~*~*~ (hiding).
  6279 | D:7      | 6279 ||| Stepping ~*~*~tactically~*~*~ (hiding).
  6280 | D:7      | 6280 ||| Stepping ~*~*~tactically~*~*~ (hiding).
  6281 | D:7      | 6281 ||| INVOKING Heroism.
  6385 | D:7      | Noticed Joseph
  6386 | D:7      | 6386 ||| Stepping ~*~*~tactically~*~*~ (hiding).
  6387 | D:7      | 6387 ||| Stepping ~*~*~tactically~*~*~ (stealth).
  6401 | D:7      | 6401 ||| INVOKING Heroism.
  6405 | D:7      | Killed Joseph
  6426 | D:7      | 6426 ||| FLEEEEING.
  6575 | D:7      | 6575 ||| INVOKING Heroism.
  6578 | D:7      | Reached skill level 9 in Axes
  6666 | D:7      | 6666 ||| Stepping ~*~*~tactically~*~*~ (stealth).
  6682 | D:7      | 6682 ||| INVOKING Heroism.
  6692 | D:7      | Reached skill level 3 in Invocations
  6875 | D:7      | Noticed Menkaure
  6876 | D:7      | 6876 ||| Stepping ~*~*~tactically~*~*~ (hiding).
  6877 | D:7      | 6877 ||| Stepping ~*~*~tactically~*~*~ (hiding).
  6881 | D:7      | 6881 ||| INVOKING Heroism.
  6885 | D:7      | Killed Menkaure
  6886 | D:7      | 6886 ||| Stepping ~*~*~tactically~*~*~ (hiding).
  6895 | D:7      | Reached ** piety under Okawaru
  6995 | D:7      | Found a runed translucent gate.
  6995 | D:7      | Found a runed translucent gate.
  7019 | D:7      | Found a runed translucent gate.
  7019 | D:7      | Noticed a kobold demonologist
  7021 | D:7      | Noticed qw's ghost (novice GrFi)
  7208 | D:7      | Noticed Maggie
  7209 | D:7      | 7209 ||| FLEEEEING.
  7211 | D:7      | 7211 ||| FLEEEEING.
  7221 | D:7      | 7221 ||| FLEEEEING.
  7224 | D:7      | 7224 ||| FLEEEEING.
  7226 | D:7      | 7226 ||| FLEEEEING.
  7227 | D:7      | 7227 ||| FLEEEEING.
  7228 | D:7      | 7228 ||| FLEEEEING.
  7229 | D:7      | 7229 ||| Stepping ~*~*~tactically~*~*~ (hiding).
  7231 | D:7      | 7231 ||| Stepping ~*~*~tactically~*~*~ (hiding).
  7238 | D:7      | 7238 ||| INVOKING Heroism.
  7248 | D:7      | Killed Maggie
  7249 | D:7      | Reached XP level 10. HP: 22/63 MP: 11/13
  7453 | D:7      | 7453 ||| SWAPPING to +0 broad axe of flaming.
  7454 | D:7      | 7454 ||| DROPPING +0 morningstar.
  7455 | D:7      | 7455 ||| DROPPING +1 vorpal war axe.
  7473 | D:7      | 7473 ||| Stepping ~*~*~tactically~*~*~ (stealth).
  7476 | D:7      | 7476 ||| INVOKING Heroism.
  7594 | D:7      | 7594 ||| UPGRADING to +0 plate armour.
  7604 | D:7      | 7604 ||| DROPPING +0 chain mail.
  7605 | D:7      | 7605 ||| UPGRADING to +0 kite shield.
  7615 | D:7      | 7615 ||| DROPPING +0 buckler.
  7616 | D:7      | 7616 ||| READING scroll labelled GUIWNE TYITZ.
  7617 | D:7      | 7617 ||| READING 2 scrolls of identify.
  7617 | D:7      | 7617 ||| IDENTIFYING bubbling ruby potion
  7638 | D:8      | 7638 ||| STAIRDANCE
  7701 | D:8      | 7701 ||| Stepping ~*~*~tactically~*~*~ (hiding).
  7708 | D:8      | 7708 ||| INVOKING Heroism.
  7780 | D:8      | 7780 ||| Stepping ~*~*~tactically~*~*~ (hiding).
  7781 | D:8      | 7781 ||| Stepping ~*~*~tactically~*~*~ (hiding).
  7844 | D:8      | Noticed a two-headed ogre
  7845 | D:8      | 7845 ||| INVOKING Heroism.
  7852 | D:8      | Killed a two-headed ogre
  7852 | D:8      | Reached *** piety under Okawaru
  7853 | D:8      | Reached skill level 6 in Shields
  8198 | D:8      | 8198 ||| Stepping ~*~*~tactically~*~*~ (hiding).
  8205 | D:8      | 8205 ||| INVOKING Heroism.
  8214 | D:8      | 8214 ||| Stepping ~*~*~tactically~*~*~ (stealth).
  8229 | D:8      | 8229 ||| Stepping ~*~*~tactically~*~*~ (stealth).
  8370 | D:8      | 8370 ||| READING scroll of enchant weapon.
  8370 | D:8      | 8370 ||| ENCHANTING +0 broad axe of flaming.
  8442 | D:8      | Found a staircase to the Lair.
  8557 | D:8      | Found a stormy altar of Qazlal.
  8725 | D:8      | 8725 ||| INVOKING Heroism.
  8743 | D:8      | 8743 ||| INVOKING Heroism.
  8750 | D:8      | Reached skill level 6 in Armour
  9052 | D:8      | 9052 ||| PLANNING LAIR
  9052 | D:8      | 9052 ||| READING scroll labelled MINODGH MIPH.
  9053 | D:8      | 9053 ||| READING 2 scrolls of identify.
  9053 | D:8      | 9053 ||| IDENTIFYING clear potion
  9108 | Lair:1   | Entered Level 1 of the Lair of Beasts
  9131 | Lair:1   | 9131 ||| Stepping ~*~*~tactically~*~*~ (stealth).
  9133 | Lair:1   | 9133 ||| Stepping ~*~*~tactically~*~*~ (stealth).
  9138 | Lair:1   | 9138 ||| Stepping ~*~*~tactically~*~*~ (stealth).
  9142 | Lair:1   | 9142 ||| INVOKING Heroism.
  9153 | Lair:1   | Reached skill level 9 in Shields
  9158 | Lair:1   | Reached **** piety under Okawaru
  9159 | Lair:1   | Reached skill level 10 in Axes
  9159 | Lair:1   | Reached XP level 11. HP: 49/67 MP: 14/14
  9252 | Lair:1   | 9252 ||| Stepping ~*~*~tactically~*~*~ (stealth).
  9275 | Lair:1   | 9275 ||| INVOKING Heroism.
  9283 | Lair:1   | Received a gift from Okawaru
  9297 | Lair:1   | 9297 ||| Stepping ~*~*~tactically~*~*~ (stealth).
  9305 | Lair:1   | 9305 ||| Stepping ~*~*~tactically~*~*~ (stealth).
  9330 | Lair:1   | 9330 ||| Stepping ~*~*~tactically~*~*~ (stealth).
  9429 | Lair:1   | 9429 ||| Stepping ~*~*~tactically~*~*~ (stealth).
  9459 | Lair:1   | 9459 ||| Stepping ~*~*~tactically~*~*~ (stealth).
  9596 | Lair:1   | 9596 ||| Stepping ~*~*~tactically~*~*~ (stealth).
  9598 | Lair:1   | 9598 ||| INVOKING Heroism.
  9606 | Lair:1   | Reached skill level 6 in Invocations
  9687 | Lair:1   | 9687 ||| INVOKING Heroism.
  9924 | Lair:1   | Identified the +6 sling of Crawling {vorpal, rC+}
  9999 | Lair:1   | 9999 ||| INVOKING Heroism.
 10024 | Lair:1   | 10024 ||| INVOKING Heroism.
 10254 | Lair:1   | 10254 ||| UPGRADING to ring of resist corrosion.
 10255 | Lair:1   | 10255 ||| READING scroll labelled QEULAGOBUN.
 10256 | Lair:1   | 10256 ||| READING scroll labelled ETHEZI WUIMET.
 10299 | Lair:2   | Noticed a manticore
 10300 | Lair:2   | 10300 ||| INVOKING Heroism.
 10301 | Lair:2   | Found a staircase to the Shoals.
 10306 | Lair:2   | 10306 ||| Stepping ~*~*~tactically~*~*~ (water).
 10312 | Lair:2   | Killed a manticore
 10414 | Lair:2   | Noticed an oklob plant
 10415 | Lair:2   | 10415 ||| INVOKING Heroism.
 10436 | Lair:2   | Killed an oklob plant
 10436 | Lair:2   | Reached ***** piety under Okawaru
 10448 | Lair:2   | 10448 ||| Stepping ~*~*~tactically~*~*~ (stealth).
 10508 | Lair:2   | 10508 ||| INVOKING Heroism.
 10510 | Lair:2   | 10510 ||| Stepping ~*~*~tactically~*~*~ (stealth).
 10677 | Lair:2   | 10677 ||| INVOKING Heroism.
 10779 | Lair:2   | Identified the +2 robe "Umitu" {Slay+6}
 10818 | Lair:2   | 10818 ||| Stepping ~*~*~tactically~*~*~ (stealth).
 10819 | Lair:2   | 10819 ||| Stepping ~*~*~tactically~*~*~ (stealth).
 10821 | Lair:2   | Found a staircase to the Snake Pit.
 10822 | Lair:2   | 10822 ||| Stepping ~*~*~tactically~*~*~ (hiding).
 10823 | Lair:2   | 10823 ||| Stepping ~*~*~tactically~*~*~ (hiding).
 10824 | Lair:2   | 10824 ||| INVOKING Heroism.
 10834 | Lair:2   | Reached skill level 11 in Axes
 10843 | Lair:2   | 10843 ||| INVOKING Heroism.
 10854 | Lair:2   | Reached XP level 12. HP: 36/73 MP: 16/18
 10859 | Lair:2   | HP: 17/73 [naga/+0 scimitar (20)]
 10860 | Lair:2   | 10860 ||| READING 2 scrolls of teleportation.
 10861 | Lair:2   | 10861 ||| DRINKING 4 potions of heal wounds.
 10877 | Lair:2   | Reached skill level 9 in Invocations
 10928 | Lair:2   | 10928 ||| INVOKING Heroism.
 11228 | Lair:2   | 11228 ||| Stepping ~*~*~tactically~*~*~ (hiding).
 11232 | Lair:2   | 11232 ||| Stepping ~*~*~tactically~*~*~ (hiding).
 11488 | Lair:2   | 11488 ||| INVOKING Heroism.
 11697 | Lair:2   | 11697 ||| READING 3 scrolls of identify.
 11697 | Lair:2   | 11697 ||| IDENTIFYING glowing ruby potion
 11698 | Lair:2   | 11698 ||| READING 2 scrolls of identify.
 11698 | Lair:2   | 11698 ||| IDENTIFYING inky potion
 11699 | Lair:2   | 11699 ||| DROPPING potion of ambrosia.
 11806 | Lair:3   | 11806 ||| Stepping ~*~*~tactically~*~*~ (stealth).
 11809 | Lair:3   | 11809 ||| Stepping ~*~*~tactically~*~*~ (stealth).
 11811 | Lair:3   | 11811 ||| Stepping ~*~*~tactically~*~*~ (stealth).
 11813 | Lair:3   | 11813 ||| INVOKING Heroism.
 11841 | Lair:3   | Received a gift from Okawaru
 12045 | Lair:3   | 12045 ||| INVOKING Heroism.
 12157 | Lair:3   | 12157 ||| READING scroll of enchant weapon.
 12157 | Lair:3   | 12157 ||| ENCHANTING +1 broad axe of flaming.
 12529 | Lair:3   | 12529 ||| READING scroll labelled RUARPH MOSIOLOIZ.
 12551 | Lair:4   | Noticed a boulder beetle
 12552 | Lair:4   | 12552 ||| INVOKING Heroism.
 12553 | Lair:4   | 12553 ||| INVOKING Finesse.
 12563 | Lair:4   | Killed a boulder beetle
 12564 | Lair:4   | Reached skill level 9 in Fighting
 12609 | Lair:4   | 12609 ||| INVOKING Heroism.
 12720 | Lair:4   | 12720 ||| INVOKING Heroism.
 12771 | Lair:4   | Identified the +10 executioner's axe of Apumubohia {drain,
                  | *Noise Str+3 Dex+6} (Okawaru gifted it to you on level 4 of
                  | the Lair of Beasts)
 12771 | Lair:4   | Received a gift from Okawaru
 12777 | Lair:4   | 12777 ||| Stepping ~*~*~tactically~*~*~ (stealth).
 12784 | Lair:4   | Found a viscous altar of Jiyva.
 12788 | Lair:4   | 12788 ||| Stepping ~*~*~tactically~*~*~ (stealth).
 12788 | Lair:4   | Found a staircase to the Slime Pits.
 12789 | Lair:4   | 12789 ||| INVOKING Heroism.
 12810 | Lair:4   | 12810 ||| Stepping ~*~*~tactically~*~*~ (stealth).
 12927 | Lair:4   | 12927 ||| Stepping ~*~*~tactically~*~*~ (stealth).
 12950 | Lair:4   | Noticed a seven-headed hydra
 12951 | Lair:4   | 12951 ||| INVOKING Heroism.
 12959 | Lair:4   | Killed a three-headed hydra
 12966 | Lair:4   | Reached skill level 12 in Axes
 13046 | Lair:4   | Reached skill level 9 in Armour
 13165 | Lair:4   | 13165 ||| INVOKING Heroism.
 13370 | Lair:4   | Reached XP level 13. HP: 80/80 MP: 20/20
 13425 | Lair:4   | Found a runed translucent door.
 13427 | Lair:4   | Noticed qw's ghost (journeyman GrFi)
 13516 | Lair:4   | 13516 ||| INVOKING Heroism.
 13821 | Lair:4   | 13821 ||| INVOKING Heroism.
 13953 | Lair:4   | 13953 ||| READING scroll labelled FOHECOMPOU.
 14054 | Lair:4   | 14054 ||| DRINKING 2 fuming brown potions.
 14063 | Lair:5   | Entered Level 5 of the Lair of Beasts
 14064 | Lair:5   | 14064 ||| STAIRDANCE
 14093 | Lair:5   | 14093 ||| STAIRDANCE
 14221 | Lair:5   | Received a gift from Okawaru
 14221 | Lair:5   | Found the +14 obsidian axe {vorpal, Mesm Drain Fly SInv}
 14223 | Lair:5   | 14223 ||| SWAPPING to +14 obsidian axe {vorpal, Mesm Drain
                  | Fly SInv}.
 14271 | Lair:5   | Found a frozen archway.
 14271 | Lair:5   | Noticed Urug
 14272 | Lair:5   | 14272 ||| Stepping ~*~*~tactically~*~*~ (stealth).
 14273 | Lair:5   | 14273 ||| INVOKING Heroism.
 14274 | Lair:5   | 14274 ||| INVOKING Finesse.
 14281 | Abyss:3  | Cast into level 3 of the Abyss (Urug)
 14373 | Abyss:3  | 14373 ||| INVOKING Heroism.
 14398 | Abyss:3  | Found a corrupted altar of Lugonu.
 14483 | Abyss:3  | 14483 ||| Stepping ~*~*~tactically~*~*~ (stealth).
 14486 | Abyss:3  | 14486 ||| INVOKING Heroism.
 14520 | Abyss:3  | Gained mutation: You are frail. (-10% HP) [a neqoxec]
 14523 | Abyss:3  | HP: 13/73 [smoke demon collision (13)]
 14524 | Abyss:3  | 14524 ||| READING 3 scrolls of teleportation.
 14525 | Abyss:3  | 14525 ||| DRINKING 3 potions of heal wounds.
 14540 | Abyss:3  | 14540 ||| Stepping ~*~*~tactically~*~*~ (stealth).
 14541 | Abyss:3  | 14541 ||| DRINKING potion of mutation.
 14541 | Abyss:3  | Lost mutation: You are frail. (-10% HP) [potion of
                  | mutation]
 14541 | Abyss:3  | Gained mutation: You have hidden genetic potential. [potion
                  | of mutation]
 14541 | Abyss:3  | Gained mutation: You have a pair of small antennae on your
                  | head. [potion of mutation]
 14585 | Abyss:3  | 14585 ||| INVOKING Heroism.
 14586 | Abyss:3  | Found a corrupted altar of Lugonu.
 14610 | Abyss:3  | 14610 ||| Stepping ~*~*~tactically~*~*~ (stealth).
 14612 | Abyss:3  | 14612 ||| Stepping ~*~*~tactically~*~*~ (stealth).
 14617 | Abyss:3  | Noticed a starcursed mass
 14630 | Abyss:3  | 14630 ||| INVOKING Heroism.
 14675 | Abyss:3  | 14675 ||| Stepping ~*~*~tactically~*~*~ (stealth).
 14690 | Abyss:3  | 14690 ||| INVOKING Heroism.
 14691 | Abyss:3  | Found a corrupted altar of Lugonu.
 14702 | Abyss:3  | Reached skill level 13 in Axes
 14745 | Abyss:3  | 14745 ||| Stepping ~*~*~tactically~*~*~ (stealth).
 14747 | Abyss:3  | Noticed a balrug
 14748 | Abyss:3  | 14748 ||| INVOKING Heroism.
 14751 | Abyss:3  | 14751 ||| INVOKING Finesse.
 14760 | Abyss:3  | HP: 17/82 [raiju/living lightning (5)]
 14761 | Abyss:3  | 14761 ||| READING 2 scrolls of teleportation.
 14762 | Abyss:3  | 14762 ||| DRINKING 2 potions of heal wounds.
 14763 | Abyss:3  | 14763 ||| DRINKING potion of heal wounds.
 14766 | Abyss:3  | Killed a balrug
 14771 | Abyss:3  | HP: 9/82 [wretched star/lance of force (19)]
 14771 | Abyss:3  | Collided with an orc sorcerer

Levels and vault maps discovered:
D:1:      saegor_arrival_simple_a, layout_loops_ring
D:2:      layout_loops_ring, basic_altar
D:3:      layout_basic, chequers_ecumenical_altar_simple, uniq_terence
D:4:      layout_cave_pools, kennysheep_windowed_goal
D:5:      layout_basic, gammafunk_temple_overflow_wave,
          minmay_temple_entry_mini_moons, gup_sewer_entry_pipe
D:6:      layout_gridville, serial_shops, nicolae_diamond_shop,
          uniq_blork_the_orc, uniq_prince_ribbit1
D:7:      layout_rooms, gammafunk_ghost_nasty_kobolds, kennysheep_potato,
          uniq_menkaure, uniq_joseph, uniq_maggie
D:8:      layout_basic, general_overflow_altar, lair_entry_dummy
Temple:   nicolae_temple_bog_church
Lair:1:   beast_lair_carwin_large_1, layout_loops_ring
Lair:2:   beast_lair_carwin_large_4, layout_chaotic_city,
          minmay_shoals_entry_beasts, minmay_snake_entry_guardpost_small,
          enter_volcano_2, serial_bayou_shore_a, infiniplex_staircase_pool
Lair:3:   layout_cave_pods, nicolae_lair_lil_pond, lemuel_fruit_fields
Lair:4:   layout_gridlike, nicolae_slime_entry_slimehenge,
          ebering_ghost_inner_flame
Lair:5:   grunt_lair_end_beastmaster, layout_gridlike, basic_altar,
          portal_ice_cave_entry_pillars_2, minivault_25, uniq_urug, uniq_rupert,
          uniq_kirke
Abyss:3:  base: Lair:5, nicolae_abyss_rune_star_stuff

Skill      XL: |  1  2  3  4  5  6  7  8  9 10 11 12 13 |
---------------+----------------------------------------+-----
Axes           | 2 3 4 5 6 7 8 9 10 11 12 13 | 13.0
Dodging        | 1 3 |  3.0
Throwing       | 1 2 |  2.2
Fighting       | 4 6 7 8 9 10 | 10.0
Armour         | 4 5 6 7 9 |  9.0
Invocations    | 4 8 10 | 10.0
Shields        | 4 9 10 11 | 11.1

Action                   |  1- 3 |  4- 6 |  7- 9 | 10-12 | 13-15 || total
-------------------------+-------+-------+-------+-------+-------++-------
Melee: War axe           |    91 |   117 |   279 |       |       ||   487
       Broad axe         |       |       |       |   502 |   143 ||   645
Throw: Javelin           |       |    22 |     5 |       |       ||    27
       Boomerang         |       |       |    21 |    96 |    21 ||   138
Invok: Heroism           |       |       |     7 |    28 |     9 ||    44
       Finesse           |       |       |       |     1 |     2 ||     3
  Use: Scroll            |     6 |     8 |     2 |    12 |     3 ||    31
       Potion            |     2 |       |     1 |     1 |     5 ||     9
Armor: Scale mail        |    44 |    13 |       |       |       ||    57
       Chain mail        |       |    41 |   123 |       |       ||   164
       Plate armour      |       |       |       |   205 |    56 ||   261
Dodge: Dodged            |    36 |    37 |    84 |   120 |    34 ||   311
Block: Buckler           |    15 |    17 |    69 |     1 |       ||   102
       Kite shield       |       |       |       |   260 |    59 ||   319

Table legend:
 A = Non-vault XP
 B = Vault XP
 C = Vault XP percentage of total XP
 D = Non-vault monster count
 E = Vault monster count
 F = Vault count percentage of total count
                 A         B        C        D         E       F
            +---------+---------+-------+---------+---------+-------
      Total |   36786 |    7856 |  17.6 |     263 |      86 |  24.6
            +---------+---------+-------+---------+---------+-------
        D:1 |      20 |       0 |   0.0 |      12 |       0 |   0.0
        D:2 |      56 |       0 |   0.0 |      19 |       0 |   0.0
        D:3 |      75 |      36 |  32.4 |      25 |       1 |   3.8
        D:4 |     374 |      15 |   3.9 |      18 |       1 |   5.3
        D:5 |     821 |      16 |   1.9 |      13 |       8 |  38.1
        D:6 |     471 |     362 |  43.5 |       9 |       2 |  18.2
        D:7 |    1411 |    1123 |  44.3 |      27 |       4 |  12.9
        D:8 |    3092 |       0 |   0.0 |      23 |       0 |   0.0
     Lair:1 |    4021 |     893 |  18.2 |      18 |       9 |  33.3
     Lair:2 |    3849 |    4348 |  53.0 |      18 |      21 |  53.8
     Lair:3 |    3269 |       0 |   0.0 |      17 |       0 |   0.0
     Lair:4 |    9714 |     102 |   1.0 |      32 |       8 |  20.0
     Lair:5 |     762 |     586 |  43.5 |       3 |       5 |  62.5
    Abyss:3 |    8851 |       0 |   0.0 |      29 |       0 |   0.0
      Sewer |       0 |     375 | 100.0 |       0 |      27 | 100.0
            +---------+---------+-------+---------+---------+-------
